Map: Prion Terraces

Players

Fayt

  • Race: Protoss Protoss

Griesfrei

  • Race: Protoss Protoss

CaveMan

  • Race: Protoss Protoss

Infinite

  • Race: Protoss Protoss

VOD

Have the link to the VOD?

Description

Time

  • Played on: Nov. 11, 2015, 2:51 p.m.
  • Length: 6:31
Show
View Real Time Build Order
Export as new Build Order

Fayt Protoss 

Build Orders:  

Get SALT Encoding   

  12  0:02  Probe (Chrono Boost)  
  13  0:12  Probe (Chrono Boost)  
  14  0:23  Probe (Chrono Boost)  
  14  0:26  Pylon  
  15  0:44  Probe (Chrono Boost)  
  16  0:52  Gateway  
  16  0:55  Probe (Chrono Boost)  
  17  1:04  Assimilator  
  17  1:05  Probe (Chrono Boost)  
  17  1:11  Pylon  
  18  1:16  Probe (Chrono Boost)  
  19  1:20  Assimilator  
  19  1:26  Probe (Chrono Boost)  
  20  1:37  Probe (Chrono Boost)  
  21  1:47  Probe (Chrono Boost)  
  22  1:58  Probe (Chrono Boost)  
  23  2:01  Zealot  
  23  2:02  Nexus  
  25  2:19  Pylon  
  25  2:20  Probe (Chrono Boost)  
  26  2:31  Probe (Chrono Boost)  
  26  2:33  Cybernetics Core  
  27  2:41  Probe (Chrono Boost)  
  28  2:52  Probe (Chrono Boost)  
  28  2:58  Pylon  
  29  3:02  Probe (Chrono Boost)  
  30  3:06  Gateway  
  30  3:11  Warp Gate (Chrono Boost)  
  30  3:13  Probe  
  30  3:17  Adept  
  33  3:22  Probe  
  33  3:25  Probe  
  35  3:33  Probe  
  35  3:37  Probe  
  37  3:43  Probe  
  37  3:44  Forge  
  37  3:45  Assimilator  
  38  3:49  Mothership Core (Chrono Boost)  
  38  3:50  Assimilator  
  39  3:57  Stalker  
  39  3:58  Stalker  
  43  4:22  Protoss Shields Level 1 (Chrono Boost)  
  41  4:59  Gateway  
  41  5:01  Stalker x2  
  41  5:03  Pylon  
  41  5:04  Probe  
  46  5:07  Probe  
  45  5:16  Probe  
  45  5:19  Probe  
  47  5:26  Stalker x2  
  47  5:28  Probe, Gateway  
  52  5:31  Probe, Pylon  
  53  5:36  Photon Cannon  
  53  5:40  Probe  
  54  5:43  Probe  
  53  5:52  Probe  
  53  6:00  Stalker x2, Mothership Core  
  53  6:01  Stalker  
  50  6:12  Probe  
  44  6:25  Zealot x2  
  44  6:26  Zealot  
Show
View Real Time Build Order
Export as new Build Order

Griesfrei Protoss 

Build Orders:  

Get SALT Encoding   

  12  0:02  Probe (Chrono Boost)  
  13  0:15  Pylon  
  13  0:18  Probe (Chrono Boost)  
  15  0:28  Probe (Chrono Boost)  
  15  0:36  Pylon  
  15  0:39  Probe (Chrono Boost)  
  16  0:49  Assimilator  
  16  0:54  Gateway  
  16  1:02  Assimilator  
  16  1:07  Probe (Chrono Boost)  
  17  1:18  Probe (Chrono Boost)  
  18  1:28  Probe (Chrono Boost)  
  19  1:39  Probe (Chrono Boost)  
  20  1:47  Cybernetics Core  
  20  1:54  Probe (Chrono Boost)  
  20  1:57  Zealot  
  23  2:03  Pylon  
  23  2:05  Probe (Chrono Boost)  
  24  2:10  Warp Gate  
  25  2:16  Probe (Chrono Boost)  
  25  2:28  Probe (Chrono Boost)  
  26  2:34  Stalker  
  28  2:42  Mothership Core (Chrono Boost)  
  30  2:48  Gateway  
  30  2:51  Gateway  
  30  2:54  Gateway  
  30  3:04  Sentry  
  32  3:19  Nexus  
  32  3:32  Twilight Council  
  32  3:36  Pylon  
  32  4:12  Pylon  
  32  4:15  Stalker x2  
  32  4:16  Stalker  
  38  4:18  Stalker  
  40  4:30  Probe (Chrono Boost)  
  41  4:32  Probe (Chrono Boost)  
  42  4:39  Stalker  
  42  4:42  Probe (Chrono Boost)  
  45  4:53  Probe (Chrono Boost)  
  45  4:57  Pylon  
  44  5:03  Probe (Chrono Boost)  
  45  5:07  Assimilator  
  45  5:11  Assimilator  
  46  5:14  Probe (Chrono Boost)  
  46  5:15  Sentry, Stalker x2  
  52  5:25  Probe (Chrono Boost)  
  52  5:26  Stalker  
  55  5:35  Probe (Chrono Boost)  
  54  5:46  Pylon  
  54  5:48  Forge  
  52  5:50  Probe (Chrono Boost)  
  52  5:56  Stalker  
  55  6:00  Sentry, Probe (Chrono Boost)  
  55  6:01  Sentry  
  59  6:11  Probe (Chrono Boost)  
  59  6:18  Stalker  
  62  6:26  Adept  
  62  6:27  Adept  
  62  6:28  Adept  
Show
View Real Time Build Order
Export as new Build Order

CaveMan Protoss 

Build Orders:  

Get SALT Encoding   

Show
View Real Time Build Order
Export as new Build Order

Infinite Protoss 

Build Orders:  

Get SALT Encoding   

Tags
 
Add a new tag
Caveats
  • Supply blocks, unpowered buildings, or Contaminate may cause inaccurate times.
  • Supply counts are checked every 10 seconds.